 Dungeon Crawl Stone Soup version 0.30-a0-1161-g0704695555 (webtiles) character file.

Game seed: 2188621108980636399

2524 BubbleThief the Cleaver (level 9, -4/84 HPs)
             Began as a Hill Orc Fighter on Apr 27, 2023.
             Was an Initiate of Elyvilon.
             Engulfed by a steam dragon's steam (12 damage)
             ... on level 8 of the Dungeon.
             The game lasted 00:09:34 (7246 turns).

BubbleThief the Cleaver (Hill Orc Fighter)          Turns: 7246, Time: 00:09:35

Health: -4/84      AC:  6    Str: 23    XL:     9   Next: 54%
Magic:  9/9        EV:  9    Int:  8    God:    Elyvilon [......]
Gold:   295        SH:  5    Dex: 10    Spells: 8/8 levels left

rFire   . . .        a - +1 war axe (heavy)
rCold   . . .        c - +1 buckler
rNeg    . . .        b - +0 scale mail
rPois   .            (no helmet)
rElec   .            (no cloak)
rCorr   .            (no gloves)
SInv    .            (no boots)
Will    .....        (no amulet) Stlth
                     (no ring)
HPRegen 0.34/turn    (no ring)
MPRegen 0.11/turn

%: no passive effects
@: no status effects
A: no striking features
a: Renounce Religion


You were on level 8 of the Dungeon.
You worshipped Elyvilon.
Elyvilon was noncommittal.
You visited 2 branches of the dungeon, and saw 9 of its levels.
You also visited: Ossuary.

You collected 295 gold pieces.

Inventory:

Hand Weapons
 a - a +1 heavy war axe (weapon)
 h - a +3 battleaxe
Missiles
 x - 2 curare-tipped darts (quivered)
Armour
 b - a +0 scale mail (worn)
 c - a +1 buckler (worn)
Jewellery
 g - an amulet of magic regeneration
 r - a ring of ice
Wands
 n - a wand of iceblast (13)
 p - a wand of charming (9)
Scrolls
 i - a scroll of identify
 k - a scroll of enchant weapon
 o - 2 scrolls of enchant armour
 t - 4 scrolls of fog
Potions
 d - 3 potions of might
 e - a potion of mutation {unknown}
 f - 5 potions of brilliance
 j - 2 potions of curing
 l - 4 potions of haste
 m - 3 potions of flight
 q - 3 potions of lignification
 s - a potion of degeneration {unknown}
 u - a potion of ambrosia
 v - 4 potions of heal wounds
 w - a potion of magic {unknown}


   Skills:
 + Level 9.4 Fighting
 * Level 13.5 Axes
 - Level 3.2 Armour
 - Level 3.2 Shields


You had 8 spell levels left.
You didn't know any spells.
Your spell library contained the following spells:

 Spells                   Type           Power      Damage    Failure   Level
 Apportation              Tloc           0%         N/A       78%         1
 Necrotise                Necr           0%         1d4       78%         1
 Sandblast                Erth           0%         2d4       78%         1
 Summon Small Mammal      Summ           0%         N/A       78%         1
 Passwall                 Tmut/Erth      0%         N/A       89%         2
 Stone Arrow              Conj/Erth      0%         3d7       98%         3


Dungeon Overview and Level Annotations

Branches:
Dungeon (8/15)             Temple (1/1) D:6         Ossuary (visited)
   Lair: D:8-11

Altars:
Ashenzari
Cheibriados
Dithmenos
Elyvilon
Gozag
Kikubaaqudgha
Nemelex Xobeh
Okawaru
Qazlal
Ru
Sif Muna
Trog
Uskayaw
Vehumet
Wu Jian
The Shining One

Shops:
D:1 [

Annotations:
Temple 4 transporters


Message History

You slice the bullfrog!! You slash the wight! The centaur barely misses you.
You block the centaur's attack.
The bullfrog hits you but does no damage.
The wight hits you with a +2 dagger!
You feel drained. The centaur hits you. The centaur barely misses you.
The bullfrog hits you.
A wight comes into view. It is wielding a +2 spear.
The wight hits you with a +2 dagger.
You feel drained.
You are too injured to fight recklessly!
Unknown command.
You are too injured to fight recklessly!
You slash the wight!
The wight is almost destroyed.
You slice the centaur!!
You kill the centaur!
You slice the bullfrog!!
You kill the bullfrog!
You slice the steam dragon!! You block the steam dragon's attack.
The steam dragon claws you. The wight hits you with a +2 dagger.
* * * LOW HITPOINT WARNING * * *
You feel drained.
Okay, then.
You slash the wight!
You destroy the wight!
You barely miss the steam dragon.
The steam dragon bites you but does no damage.
The steam dragon barely misses you.
Your life force feels restored.
Unknown command.
Unknown command.
You completely miss the steam dragon.
The steam dragon is severely wounded.
You block the steam dragon's attack. The steam dragon closely misses you.
The wight barely misses you. The steam dragon breathes steam at you.
The ball of steam hits you!
* * * LOW HITPOINT WARNING * * *
You hit the steam dragon but do no damage.
The steam dragon is severely wounded.
You are engulfed in a cloud of scalding steam.
You die...

...... ....
.......#...>.. ##
............. ..#
/........... ...
........##.# #.###
...........#......
..........z..#......
............†).......
...........§§@D......
....>.####.###)......
......####.# #......
...........# [.....
...........# ..#..
...........# ...#.
#####.....# ..#
###.#...... ..#
#.#####.#######


You could see a steam dragon (catching breath) and a wight.

Vanquished Creatures
  Prince Ribbit (D:5)
  A wyvern (D:7)
  A water moccasin (D:7)
  An orc warrior (D:6)
  A black bear (D:8)
  A centaur (D:8)
  2 phantoms (D:6)
  A bullfrog (D:8)
  An elf skeleton (D:4)
  11 wights
  3 howler monkeys (D:8)
  4 hounds
  A human zombie (D:4)
  An orc priest (D:7)
  3 iguanas
  3 human skeletons (D:4)
  4 orc wizards
  A mummy (Ossuary)
  10 adders
  12 gnolls
  A shadow imp (D:7)
  An ufetubus (D:6)
  3 worms
  A dart slug (D:5)
  24 orcs
  2 spectral bats (Ossuary)
  6 endoplasms
  4 giant cockroaches
  12 gnoll zombies (Ossuary)
  7 hobgoblins
  9 jackals
  4 quokkas
  4 ball pythons
  9 bats
  5 bat simulacra (Ossuary)
  2 frilled lizards (D:2)
  7 goblins
  2 goblin simulacra (Ossuary)
  5 goblin zombies (Ossuary)
  4 hobgoblin zombies (Ossuary)
  9 kobolds
  A kobold simulacrum (Ossuary)
  6 kobold zombies (Ossuary)
  An orc skeleton (D:4)
  3 orc zombies (Ossuary)
  5 rats
  4 rat simulacra (Ossuary)
  4 spectral kobolds (Ossuary)
  3 spectral rats (Ossuary)
211 creatures vanquished.

Notes
Turn   | Place    | Note
-------+----------+-------------------------------------------
     0 | D:1      | BubbleThief the Hill Orc Fighter began the quest for the
                  | Orb.
     0 | D:1      | Reached XP level 1. HP: 19/19 MP: 1/1
    45 | D:1      | Reached skill level 3 in Axes
    55 | D:1      | Reached XP level 2. HP: 18/27 MP: 2/2
    90 | D:1      | Found Roiku's Armour Boutique.
   140 | D:1      | Found a faded altar of an unknown god.
   604 | D:1      | Reached skill level 4 in Axes
   788 | D:2      | Reached XP level 3. HP: 32/33 MP: 3/3
   955 | D:2      | You fall into a shaft and drop 2 floors!
   996 | D:4      | Found an iron altar of Okawaru.
  1038 | D:4      | Found a shadowy altar of Dithmenos.
  1042 | D:4      | Reached XP level 4. HP: 41/41 MP: 4/4
  1095 | D:4      | Reached skill level 5 in Axes
  1122 | D:4      | Reached XP level 5. HP: 43/47 MP: 5/5
  1138 | D:4      | Reached skill level 5 in Fighting
  1138 | D:4      | Reached skill level 6 in Axes
  1162 | D:4      | Found a sand-covered staircase.
  1169 | D:4      | Reached XP level 6. HP: 39/56 MP: 6/6
  1172 | Ossuary  | Entered an ossuary
  1391 | Ossuary  | Reached skill level 7 in Axes
  1769 | D:2      | Found a shimmering blue altar of Sif Muna.
  2900 | D:3      | Reached skill level 8 in Axes
  2900 | D:3      | Reached XP level 7. HP: 49/63 MP: 7/7
  3654 | D:4      | Found a sacrificial altar of Ru.
  4352 | D:5      | Entered Level 5 of the Dungeon
  4753 | D:5      | Noticed Prince Ribbit
  4795 | D:5      | Killed Prince Ribbit
  4796 | D:5      | Reached skill level 9 in Axes
  5028 | D:5      | Reached XP level 8. HP: 71/73 MP: 8/8
  5148 | D:5      | Found a bloodstained altar of Trog.
  5519 | D:6      | Reached skill level 10 in Axes
  5860 | D:6      | Reached skill level 11 in Axes
  6244 | D:6      | Found a staircase to the Ecumenical Temple.
  6253 | Temple   | Entered the Ecumenical Temple
  6253 | Temple   | Found a transporter.
  6253 | Temple   | Found a transporter.
  6255 | Temple   | Found a transporter.
  6255 | Temple   | Found a transporter.
  6271 | Temple   | Became a worshipper of Elyvilon the Healer
  6833 | D:7      | Noticed a wyvern
  6837 | D:7      | Killed a wyvern
  6838 | D:7      | Reached skill level 12 in Axes
  6838 | D:7      | Reached XP level 9. HP: 67/82 MP: 9/9
  7236 | D:8      | Reached skill level 13 in Axes
  7246 | D:8      | Engulfed by a steam dragon's steam

Illustrated notes

Levels and vault maps discovered:
D:1:      dpeg_arrival_rhombus, layout_basic, serial_shops, nicolae_shop_trees,
          chequers_ecumenical_altar_simple, chequers_serial_rivers_room_b
D:2:      layout_loops_ring, basic_altar, dk_noncrumbling_4
D:3:      layout_loops_corners
D:4:      layout_basic, nicolae_dithmenos_shadow_blocks,
          nicolae_ru_the_path_less_chosen, mainiacjoe_overflow_six_doors_small,
          nicolae_ossuary_entry_catacombs, item_on_display_a
D:5:      layout_loops_cross, trog_book, uniq_prince_ribbit1
D:6:      layout_rooms, lemuel_temple_firewalk_b, serial_rivers,
          chequers_serial_rivers_large_b, chequers_serial_rivers_micro_e,
          chequers_serial_rivers_micro_a, chequers_serial_rivers_room_a
D:7:      layout_basic, old_standard_altar, serial_demonic, serial_demonic_e,
          serial_demonic_b, serial_demonic_a, serial_demonic_a
D:8:      layout_rooms, zin_treasury, nicolae_zen_rock_garden
Temple:   hellmonk_temple_divided_pantheon

Skill      XL: |  1  2  3  4  5  6  7  8  9 |
---------------+----------------------------+-----
Axes           | 3 4 5 6 8 9 12 13 | 13.5
Fighting       | 4 5 6 7 8 9 |  9.4
Armour         | |  3.2
Shields        | |  3.2

Action                     |  1- 3 |  4- 6 |  7- 9 || total
---------------------------+-------+-------+-------++-------
  Melee: War axe           |    53 |   282 |   207 ||   542
    Use: Scroll            |     3 |       |    12 ||    15
         Potion            |       |       |     2 ||     2
 Armour: Scale mail        |    31 |   105 |    77 ||   213
  Dodge: Dodged            |    20 |    74 |    94 ||   188
  Block: Buckler           |    10 |    61 |    60 ||   131

Table legend: (Time is in decaauts)
 A = Elapsed time spent in this place.
 B = Non-inter-level travel time spent in this place.
 C = Inter-level travel time spent in this place.
 D = Time resting spent in this place.
 E = Time spent auto-exploring this place.
 F = Levels seen in this place.
 G = Mean time per level.
                   A        B        C        D        E       F      G
               +--------+--------+--------+--------+--------+-----+--------+
         Total |   7423 |   7073 |    350 |    199 |   5493 |  10 |  742.3 |
       Dungeon |   6893 |   6560 |    333 |    199 |   5185 |   8 |  861.6 |
        Temple |     36 |     19 |     17 |      0 |      0 |   1 |   36.0 |
       Ossuary |    493 |    493 |      0 |      0 |    308 |   1 |  493.0 |
               +--------+--------+--------+--------+--------+-----+--------+

Top non-repeatable levels by time:
     D:6: 1204 daAuts
     D:3: 1085 daAuts
     D:4: 1077 daAuts
     D:5: 1052 daAuts
     D:2: 992 daAuts
     D:1: 780 daAuts
     D:7: 529 daAuts
 Ossuary: 493 daAuts
     D:8: 171 daAuts
  Temple: 36 daAuts
